 Dungeon Crawl Stone Soup version 0.29.1-2-gbd0b4ee654 (webtiles) character file.

Game seed: 7032567535291998156

4374 qeuew the Covert (level 10, -3/68 HPs)
             Began as an Octopode Brigand on Nov 7, 2022.
             Was an Initiate of Gozag.
             Slain by a hornet (12 damage)
             ... on level 9 of the Dungeon.
             The game lasted 00:13:03 (10884 turns).

qeuew the Covert (Octopode Brigand)                Turns: 10884, Time: 00:13:03

Health: -3/68      AC:  1    Str: 11    XL:     10   Next: 34%
Magic:  17/17      EV: 16    Int: 13    God:    Gozag
Gold:   719        SH:  0    Dex: 18    Spells: 19/19 levels left

rFire   . . .      SeeInvis .   d - +1 dagger (elec)
rCold   . . .      Faith    .   (no shield)
rNeg    . . .      Spirit   .   (helmet restricted)
rPois   .          Reflect  .   h - amulet of the acrobat
rElec   .          Harm     .   j - ring of willpower
rCorr   .          Rampage  .   (no ring)
Will    +....                   (no ring)
Stlth   ++++++....              (no ring)
HPRegen 0.21/turn               (no ring)
MPRegen 0.15/turn               (no ring)
                                (no ring)
                                (no ring)

@: slowed, invisible, very slow
A: almost no armour, amphibious, 8 rings, camouflage 1, gelatinous body 1,
(nimble swimmer 1), tentacles
a: Renounce Religion, Potion Petition, Call Merchant, Bribe Branch


You were on level 9 of the Dungeon.
You worshipped Gozag.
Gozag was pleased with you.
You visited 2 branches of the dungeon, and saw 10 of its levels.
You also visited: Ossuary.

You collected 874 gold pieces.
You spent 26 gold pieces at shops.
You paid 129 gold pieces to Gozag.

Inventory:

Hand Weapons
 d - a +1 dagger of electrocution (weapon)
Missiles
 b - 26 poisoned darts (quivered)
 c - 2 curare-tipped darts
 p - a throwing net
Jewellery
 h - an amulet of the acrobat (around mantle)
 j - a ring of willpower (left tentacle)
Wands
 k - a wand of flame (12)
 n - a wand of digging (7)
Scrolls
 e - 2 scrolls of enchant armour
 g - 2 scrolls of brand weapon
 i - a scroll of enchant weapon
 m - 5 scrolls of identify
 q - a scroll of fear {unknown}
Potions
 a - a potion of ambrosia
 f - a potion of invisibility
 l - a potion of resistance
 o - 4 potions of curing


   Skills:
 + Level 6.3 Fighting
 + Level 6.3 Short Blades
 + Level 6.2 Throwing
 + Level 6.1 Dodging
 + Level 10.1 Stealth
 + Level 5.2 Spellcasting


You had 19 spell levels left.
You didn't know any spells.
Your spell library contained the following spells:

 Spells                   Type           Power      Damage    Failure   Level
 Ensorcelled Hibernation  Hex/Ice        6%         N/A       28%         2
 Call Canine Familiar     Summ           3%         N/A       50%         3
 Portal Projectile        Hex/Tloc       6%         N/A       50%         3
 Spider Form              Tmut/Pois      3%         N/A       50%         3
 Anguish                  Hex/Necr       1%         N/A       88%         4
 Leda's Liquefaction      Hex/Erth       1%         N/A       88%         4


Dungeon Overview and Level Annotations

Branches:
Dungeon (9/15)             Temple (1/1) D:7         Ossuary (visited)
   Lair: D:8-11         Orc: D:9-12

Altars:
Cheibriados
Dithmenos
Elyvilon
Fedhas
Gozag
Hepliaklqana
Kikubaaqudgha
Makhleb
Nemelex Xobeh
Okawaru
Ru
Sif Muna
Trog
Vehumet
Xom
Yredelemnul
The Shining One

Shops:
D:1 ?   D:2 !   D:5 *

Annotations:
D:5 2 runed translucent doors, ZoeForever1's ghost, weakling DsIE


Innate Abilities, Weirdness & Mutations

You cannot wear most types of armour.
You are amphibious.
You can wear up to eight rings at the same time.
Your skin changes colour to match your surroundings (Stealth+).
Your rubbery body absorbs attacks. (AC +1, EV +1)
((You are camouflaged when in or above water. (Stealth+)))
You have tentacles for arms and can constrict up to eight enemies at once.


Message History

The hornet barely misses you. x2
You barely miss the hornet. You constrict the hornet. The hornet stings you!
You are poisoned.
You feel yourself slow down.
You hit the hornet but do no damage.
The hornet is lightly wounded.
You constrict the hornet, but do no damage.
You feel very sick. The hornet closely misses you.
You hit the hornet but do no damage.
You squeeze the hornet, but do no damage.
The hornet is lightly wounded.
You constrict the hornet, but do no damage.
You feel sick. The hornet completely misses you.
You hit the hornet but do no damage.
The hornet is lightly wounded.
You feel yourself speed up.
You constrict the hornet.
You feel sick. The hornet closely misses you. The hornet stings you!
You feel yourself slow down.
You are too injured to fight recklessly!
You are too injured to fight recklessly!
You are too injured to fight recklessly!
You are too injured to fight recklessly!
You are too injured to fight recklessly!
You are too injured to fight recklessly!
You are too injured to fight recklessly!
You are too injured to fight recklessly!
You are too injured to fight recklessly!
You are too injured to fight recklessly!
You are too injured to fight recklessly!
Okay, then.
You feel better.
You constrict the hornet. The hornet stings you.
You feel as though you will be slow longer.
The hornet stings you!!
* * * LOW HITPOINT WARNING * * *
You feel as though you will be slow longer.
You fade into invisibility!
You constrict the hornet. The hornet stings you!
You die...
Your body crumbles into a pile of gold.

######### ##.......##
##.#######.##
####.#..~~~..#.##
#######...#..~...~..#.#####
.........#...$._.~...#.....
......$$..#..~...~..#).....
......$..y@#..~~~..#...>...
............#######........
..........##... ..#######.
..........# ..# ... #.
..........+ .#.#. #.
..^.......# .# # #. $
).........# # +. ##.....


You could see a hornet (unable to see you).

Vanquished Creatures
  A two-headed ogre (D:8)
  Psyche (D:8)
  Sigmund (D:4)
  A wraith (D:9)
  2 water moccasins
  An ice beast (D:8)
  A black bear (D:9)
  A sky beast (D:7)
  An ogre (D:7)
  2 centaurs
  2 phantoms
  A kobold brigand (D:9)
  7 bullfrogs
  An elf zombie (Ossuary)
  A gnoll sergeant (D:8)
  A necrophage (D:5)
  2 scorpions
  3 wights (D:9)
  4 killer bees
  3 howler monkeys
  A centaur zombie (Ossuary)
  4 hounds
  4 jellies
  4 orc priests
  Crazy Yiuf (D:4)
  2 iguanas (D:5)
  7 orc wizards
  2 mummies (Ossuary)
  14 gnolls
  6 adders
  4 river rats (D:6)
  2 white imps (D:6)
  An ufetubus (D:7)
  2 adder zombies (Ossuary)
  5 worms (D:2)
  2 dart slugs
  28 orcs
  5 bats
  8 endoplasms
  A giant cockroach (D:1)
  11 goblins
  5 hobgoblins
  3 jackals (D:2)
  4 quokkas
  9 ball pythons
  4 frilled lizards
  A goblin zombie (Ossuary)
  10 hobgoblin zombies (Ossuary)
  6 kobolds
  9 kobold zombies (Ossuary)
  11 orc zombies (Ossuary)
  7 rats
  2 rat zombies (Ossuary)
222 creatures vanquished.

Vanquished Creatures (others)
  5 fungi (D:9)
  87 plants
92 creatures vanquished.

Grand Total: 314 creatures vanquished

Notes
Turn   | Place    | Note
-------+----------+-------------------------------------------
     0 | D:1      | qeuew the Octopode Brigand began the quest for the Orb.
     0 | D:1      | Reached XP level 1. HP: 14/14 MP: 1/1
   318 | D:1      | Reached XP level 2. HP: 19/19 MP: 2/2
   358 | D:1      | Found Avvutut's Magic Scroll Emporium.
   408 | D:1      | Bought a scroll of identify for 26 gold pieces
   411 | D:1      | Found a faded altar of an unknown god.
   764 | D:2      | Found Vidibem's Distillery.
   768 | D:2      | Reached XP level 3. HP: 12/24 MP: 2/4
  1378 | D:2      | Reached skill level 1 in Spellcasting
  1438 | D:2      | Found a snail-covered altar of Cheibriados.
  1590 | D:2      | Reached XP level 4. HP: 30/30 MP: 5/5
  2337 | D:3      | Reached skill level 6 in Stealth
  2419 | D:3      | Reached XP level 5. HP: 25/35 MP: 7/7
  3468 | D:4      | Found a runed translucent door.
  3469 | D:4      | Noticed Crazy Yiuf
  3487 | D:4      | Noticed Sigmund
  3494 | D:4      | Killed Sigmund
  3495 | D:4      | Reached XP level 6. HP: 42/42 MP: 7/9
  3897 | D:4      | Reached XP level 7. HP: 46/46 MP: 10/10
  4147 | D:4      | Found a white marble altar of Elyvilon.
  4303 | D:4      | Found a burning altar of Makhleb.
  4454 | D:4      | Killed Crazy Yiuf
  4543 | D:5      | Entered Level 5 of the Dungeon
  4781 | D:5      | Reached skill level 7 in Stealth
  5288 | D:5      | Found Ixzeker's Assorted Antiques.
  5306 | D:5      | Found a large runed translucent door.
  5306 | D:5      | Found a large runed translucent door.
  5308 | D:5      | Noticed ZoeForever1's ghost (weakling DsIE)
  5354 | D:5      | Found a bloodstained altar of Trog.
  5451 | D:5      | Reached XP level 8. HP: 54/54 MP: 12/12
  5596 | D:5      | Found a sparkling altar of Nemelex Xobeh.
  6379 | D:6      | Found a sand-covered staircase.
  6388 | Ossuary  | Entered an ossuary
  6783 | Ossuary  | Reached skill level 8 in Stealth
  7703 | D:7      | Reached XP level 9. HP: 60/60 MP: 14/14
  7725 | D:7      | Found an ancient bone altar of Kikubaaqudgha.
  7764 | D:7      | Reached skill level 5 in Short Blades
  7764 | D:7      | Found a staircase to the Ecumenical Temple.
  7777 | Temple   | Entered the Ecumenical Temple
  7783 | Temple   | Became a worshipper of Gozag Ym Sagoz the Greedy
  8010 | D:7      | Reached skill level 5 in Throwing
  8095 | D:7      | Reached skill level 5 in Fighting
  8380 | D:7      | Found a glowing golden altar of the Shining One.
  8675 | D:8      | Reached skill level 5 in Dodging
  8694 | D:8      | Reached skill level 9 in Stealth
  9021 | D:8      | Noticed Psyche
  9025 | D:8      | Killed Psyche
  9041 | D:8      | Noticed a two-headed ogre
  9077 | D:8      | HP: 1/61 [two-headed ogre/+0 giant spiked club (12)]
  9088 | D:8      | Killed a two-headed ogre
  9089 | D:8      | Reached XP level 10. HP: 4/68 MP: 15/17
  9476 | D:8      | Found a radiant altar of Vehumet.
  9752 | D:8      | Reached skill level 5 in Spellcasting
  9787 | D:8      | Identified the +6 quarterstaff of Dissolution {vorpal, rC+}
 10587 | D:9      | Reached skill level 10 in Stealth
 10817 | D:9      | Found a sacrificial altar of Ru.
 10884 | D:9      | Slain by a hornet

Illustrated notes

Levels and vault maps discovered:
D:1:      lemuel_arrival_muddy, layout_loops_cross,
          nicolae_ecumenical_snake_handling, serial_shops, shop_fountains
D:2:      layout_basic, basic_altar, serial_shops, shop, serial_bayou,
          serial_bayou_lagoon_b, serial_bayou_pond_c, serial_bayou_lagoon_a,
          serial_bayou_pond_d, serial_bayou_pond_d, serial_bayou_pond_e,
          chequers_serial_rivers_micro_c, minmay_tetromino_t4
D:3:      layout_basic, grunt_ministairs_9
D:4:      layout_loops_corners, makhleb_heckhound_becter, elyvilon_altar_3,
          chequers_serial_rivers_large_a, uniq_sigmund, uniq_crazy_yiuf_cottage
D:5:      layout_loops_ring, nemelex_diamond_rough_becter,
          trog_three_pillars_becter, ebering_ghost_disaster_area, serial_shops,
          nicolae_shop_overgrown_old_shop
D:6:      wad_woods_tower, layout_basic, nicolae_ossuary_entry_monument,
          dk_rats_in_the_wall
D:7:      layout_basic, mainiacjoe_overflow_chevrons, mainiacjoe_overflow_paths,
          minmay_temple_entry_ruins
D:8:      layout_loops_ring, lemuel_crystal_altar, chequers_serial_rivers_marsh,
          uniq_psyche
D:9:      layout_irregular_city, nicolae_ru_awakened_eye,
          grunt_lair_entry_orc_guard_hut, chequers_hall_statues_wall_a,
          minmay_protected_statue
Temple:   cyrus_circular_temple

Skill      XL: |  1  2  3  4  5  6  7  8  9 10 |
---------------+-------------------------------+-----
Spellcasting   | 1 2 3 4 5 |  5.2
Dodging        | 2 3 4 5 6 |  6.1
Stealth        | 6 7 8 9 10 | 10.1
Short Blades   | 3 4 5 6 |  6.3
Fighting       | 3 4 5 6 |  6.3
Throwing       | 3 4 5 6 |  6.2

Action                   |  1- 3 |  4- 6 |  7- 9 | 10-12 || total
-------------------------+-------+-------+-------+-------++-------
Melee: Dagger            |    56 |    96 |   298 |    81 ||   531
       Constrict         |    10 |    28 |    62 |    16 ||   116
       Tentacles         |     3 |    19 |    73 |    23 ||   118
       Punch             |     1 |     2 |     5 |       ||     8
Throw: Dart              |       |       |     8 |     7 ||    15
  Use: Scroll            |     2 |     7 |     4 |       ||    13
       Potion            |       |     1 |    10 |     2 ||    13
 Stab: Sleeping          |    18 |    11 |    19 |     7 ||    55
       Distracted        |       |     1 |     1 |     1 ||     3
Armor: Skin              |     4 |     7 |     9 |       ||    20
Dodge: Dodged            |    24 |    53 |   145 |    34 ||   256
